 Dungeon Crawl Stone Soup version 0.25-a0-558-g78a2afb0af (webtiles) character file.

Game seed: 12636386293277723439, levelgen mode: classic

443 EnegeticOcto the Chopper (level 6, -1/57 HPs)
             Began as a Deep Dwarf Fighter on Feb 24, 2020.
             Was a Plaything of Xom.
             Slain by an eldritch tentacle (18 damage)
             ... called by the severe capriciousness of Xom
             ... on level 4 of the Dungeon.
             The game lasted 00:01:01 (861 turns).

EnegeticOcto the Chopper (Deep Dwarf Fighter)        Turns: 861, Time: 00:01:01

Health: -1/57      AC:  7    Str: 21    XL:     6   Next: 71%
Magic:  6/6        EV:  9    Int:  9    God:    Xom [*.....]
Gold:   58         SH: 10    Dex: 12    Spells: 5/5 levels left

rFire    . . .     SeeInvis .   a - +0 war axe
rCold    . . .     Gourm    .   c - +0 kite shield
rNeg     + . .     Faith    .   b - +0 scale mail
rPois    .         Spirit   .   (no helmet)
rElec    .         Reflect  .   (no cloak)
rCorr    .         Harm     .   (no gloves)
MR       .....                  (no boots)
Stlth    ..........             (no amulet)
HPRegen  0.00/turn              i - ring of positive energy
MPRegen  0.10/turn              (no ring)

@: disjoining, very slightly contaminated, non-regenerating
A: damage resistance, heal wounds, sense surroundings 1, no regeneration
a: Heal Wounds, Renounce Religion


You were on level 4 of the Dungeon.
You worshipped Xom.
You were a special plaything of Xom.
You were hungry.

You visited 1 branch of the dungeon, and saw 4 of its levels.
You also visited: Sewer.

You collected 58 gold pieces.

Inventory:

Hand Weapons
 a - a +0 war axe (weapon)
Armour
 b - a +0 scale mail (worn)
 c - a +0 kite shield (worn)
Jewellery
 i - a ring of positive energy (left hand)
Wands
 q - a wand of polymorph (5)
Scrolls
 f - a scroll of enchant armour {unknown}
 j - 2 scrolls of identify {unknown}
 l - a scroll of amnesia {unknown}
 m - a scroll of teleportation {unknown}
Potions
 g - a potion of haste {unknown}
 h - a potion of mutation {unknown}
 k - a potion of might {@q3}
 n - 3 potions of degeneration {unknown}
 o - 2 potions of heal wounds {unknown}
 p - a potion of brilliance {unknown}
 r - 2 potions of flight {unknown}
 s - a potion of stabbing {unknown}
Comestibles
 d - 13 chunks of flesh
 e - 2 rations


   Skills:
 * Level 4.2 Fighting
 * Level 4.7 Axes
 + Level 4.3 Armour
 + Level 2.5 Dodging
 + Level 4.4 Shields


You had 5 spell levels left.
You didn't know any spells.
Your spell library was empty.

Dungeon Overview and Level Annotations

Branches:
Dungeon (4/15)              Sewer (visited)
 Temple: D:4-7

Altars:
Dithmenos
Xom

Annotations:
D:4 Sigmund


Innate Abilities, Weirdness & Mutations

You are resistant to damage.
You can heal yourself by infusing magical energy.
You passively map a small area around you.
You do not regenerate.


Message History

No target in view!
No target in view!
No target in view!
You swap places.
Some of the chunks of flesh in your inventory have rotted away.
You butcher the hound corpse.
d - 6 chunks of flesh (gained 1)
You see here a hound skeleton. x2
You butcher the adder corpse.
d - 8 chunks of flesh (gained 2)
You see here an adder skeleton. x2
o - 2 amethyst potions (gained 1)
You swap places.
You butcher the howler monkey corpse.
d - 11 chunks of flesh (gained 3)
You see here a howler monkey skeleton. x2
You now have 45 gold pieces (gained 12).
A quokka comes into view.
A quokka is nearby!
A quokka is nearby!
A quokka is nearby!
A quokka is nearby!
A quokka is nearby!
A quokka is nearby!
A quokka is nearby!
A quokka is nearby!
A quokka is nearby!
A quokka is nearby!
The quokka closely misses you.
You hit the quokka.
You kill the quokka!
No target in view!
No target in view!
No target in view!
No target in view!
No target in view!
No target in view!
You butcher the quokka corpse.
d - 13 chunks of flesh (gained 2)
You see here a quokka skeleton. x2
You now have 58 gold pieces (gained 13).
Sigmund the Dreaded comes into view.
He is wielding a +0 scythe of protection.
Sigmund shouts!
Sigmund is nearby!
Sigmund is nearby!
Sigmund is nearby!
Sigmund is nearby!
Sigmund is nearby!
Sigmund is nearby!
Found a short sword.
You block Sigmund's attack.
You are feeling hungry.
You closely miss Sigmund. Sigmund hits you but does no damage.
You closely miss Sigmund.
Sigmund giggles. "Time to reap what you sow."
Sigmund gestures at you while chanting. The magic dart hits you.
You slash Sigmund!
Sigmund is moderately wounded.
Xom giggles.
The dungeon shakes, a horrible noise fills the air, and a portal to some otherworldly place is opened!
Sigmund hits you with a +0 scythe of protection.
You completely miss Sigmund.
Sigmund is moderately wounded.
Sigmund hits you but does no damage.
Your iron imp completely misses Sigmund.
You hit Sigmund but do no damage.
Sigmund is moderately wounded.
Your iron imp hits Sigmund but does no damage.
Sigmund closely misses your iron imp.
You closely miss Sigmund.
Sigmund is moderately wounded.
Your iron imp barely misses Sigmund.
Sigmund closely misses you.
An eldritch tentacle comes into view.
You slash Sigmund!
Sigmund is severely wounded.
Xom's power flows through you!
You are very lightly contaminated with residual magic.
Your iron imp blinks!
Sigmund blinks!
Your iron imp completely misses Sigmund.
The eldritch tentacle slaps you. The eldritch tentacle freezes you!!
* * * LOW HITPOINT WARNING * * *
The eldritch tentacle misses you.
Your iron imp hits Sigmund.
Sigmund's eyes start glowing with a red light.
Sigmund hits your iron imp with a +0 scythe of protection!
You are too injured to fight recklessly!
You are too injured to fight recklessly!
You are too injured to fight recklessly!
You are too injured to fight recklessly!
You are too injured to fight recklessly!
You are too injured to fight recklessly!
You are too injured to fight recklessly!
You are too injured to fight recklessly!
You are too injured to fight recklessly!
Sigmund blinks!
Xom asks Qazlal to spice things up a little.
The eldritch tentacle slaps you!!
You die...
Xom cackles wildly!

.... #.... , * * *
.....#...#.# ...
..)..#...#.#....
.....#...#'#...
..........*.....+
..............│......+,
..#...........│§..§..#
..............§w§§...#####
.......#......§§@§........
#....#.#.....###§§§.§.......
.....+.......####§§.5.......
#....#.#.÷..........###.....
.......÷..........### .....
#.#.##.#..#.......### ....#
#...................##....#
#.........................+
....#..÷..##.###....÷.....#


You could see an eldritch tentacle.

Vanquished Creatures
  Purgy (Sewer)
  Blork the orc (D:4)
  A howler monkey (D:4)
  A hound (D:4)
  4 gnolls (D:2)
  4 adders
  A river rat (D:4)
  A worm (D:2)
  2 dart slugs
  2 leopard geckos (D:2)
  2 bats
  8 giant cockroaches
  8 hobgoblins
  5 jackals
  A quokka (D:4)
  2 ball pythons
  2 frilled lizards
  5 goblins
  7 kobolds
  4 rats
62 creatures vanquished.

Vanquished Creatures (collateral kills)
  Menkaure (D:4)
1 creature vanquished.

Grand Total: 63 creatures vanquished

Notes
Turn   | Place    | Note
-------+----------+-------------------------------------------
     0 | D:1      | EnegeticOcto the Deep Dwarf Fighter began the quest for the
                  | Orb.
     0 | D:1      | Reached XP level 1. HP: 20/20 MP: 1/1
    30 | D:1      | Reached XP level 2. HP: 27/27 MP: 2/2
    84 | D:2      | Reached skill level 1 in Dodging
    84 | D:2      | Reached XP level 3. HP: 25/34 MP: 3/3
   130 | D:2      | Reached XP level 4. HP: 35/42 MP: 4/4
   177 | D:2      | Found a shimmering altar of Xom.
   224 | D:2      | Found a shadowy altar of Dithmenos.
   420 | D:3      | Found a faded altar of an unknown god.
   435 | D:3      | Became a worshipper of The Xom-Meister, Xom-o-Rama
   600 | D:4      | Found a glowing drain.
   608 | Sewer    | Entered a sewer
   621 | Sewer    | Reached XP level 5. HP: 36/49 MP: 5/5
   641 | Sewer    | Noticed Purgy
   644 | Sewer    | XOM: stat loss: -1 Str (19/20)
   670 | Sewer    | Killed Purgy
   747 | D:4      | Noticed Blork the orc
   750 | D:4      | XOM: summons friendly ufetubus
   758 | D:4      | Killed Blork the orc
   758 | D:4      | Reached XP level 6. HP: 35/57 MP: 6/6
   801 | D:4      | Noticed Menkaure
   803 | D:4      | XOM: summons friendly iron imp
   810 | D:4      | Killed Menkaure
   849 | D:4      | Noticed Sigmund
   855 | D:4      | XOM: severe Summ miscast
   859 | D:4      | XOM: cast spell 'Disjunction'
   861 | D:4      | XOM: fog
   861 | D:4      | Slain by an eldritch tentacle

Levels and vault maps discovered:
D:1:      lightli_arrival_chessboard, layout_basic
D:2:      layout_basic, nicolae_dithmenos_shadow_blocks,
          overflow_temple_1_default
D:3:      layout_basic, chequers_ecumenical_altar_simple_redux, first_ration
D:4:      layout_basic, minitemple, minmay_temple_entry_statues_pillars,
          portal_sewer_entry_b, fedhas_altar_2, uniq_sigmund, uniq_menkaure,
          uniq_blork_the_orc

Skill      XL: |  1  2  3  4  5  6 |
---------------+-------------------+-----
Fighting       | 3 4 |  4.2
Dodging        | 1 2 |  2.5
Axes           | 3 4 |  4.7
Armour         | 4 |  4.3
Shields        | 4 |  4.4

Action                   |  1- 3 |  4- 6 || total
-------------------------+-------+-------++-------
Melee: War axe           |    54 |   143 ||   197
 Abil: Heal Wounds       |     1 |     2 ||     3
Armor: Scale mail        |    18 |    92 ||   110
Dodge: Dodged            |    18 |    71 ||    89
Block: Kite shield       |    27 |   109 ||   136

Table legend:
 A = Non-vault XP
 B = Vault XP
 C = Vault XP percentage of total XP
 D = Non-vault monster count
 E = Vault monster count
 F = Vault count percentage of total count
                 A         B        C        D         E       F
            +---------+---------+-------+---------+---------+-------
      Total |     289 |     345 |  54.4 |      49 |      14 |  22.2
            +---------+---------+-------+---------+---------+-------
        D:1 |      17 |       0 |   0.0 |      11 |       0 |   0.0
        D:2 |     133 |       0 |   0.0 |      24 |       0 |   0.0
        D:3 |      20 |       0 |   0.0 |       9 |       0 |   0.0
        D:4 |     119 |     201 |  62.8 |       5 |       8 |  61.5
      Sewer |       0 |     144 | 100.0 |       0 |       6 | 100.0
            +---------+---------+-------+---------+---------+-------
